Map: Aura mortal EE

Players

Olix

  • Race: Protoss Protoss
  • League: Gold
  • Spawn Location: 5:00

MrFercho - Winner!

  • Race: Zerg Zerg
  • League: Silver
  • Spawn Location: 11:00

VOD

Have the link to the VOD?

Description

Time

  • Played on: July 8, 2020, 3:15 p.m.
  • Length: 15:14
Show
View Real Time Build Order
Export as new Build Order

Olix Protoss 

Build Orders: 1 Gate Expand 

Get SALT Encoding   

  12  0:01  Probe  
  13  0:23  Pylon  
  13  0:32  Probe  
  14  0:42  Gateway, Probe  
  15  0:50  Probe  
  16  0:57  Assimilator  
  16  0:58  Probe  
  17  1:10  Probe  
  17  1:27  Gateway  
  17  1:37  Nexus  
  17  1:45  Probe  
  18  1:57  Probe, Cybernetics Core  
  19  2:03  Zealot  
  21  2:09  Probe  
  22  2:16  Assimilator  
  22  2:21  Probe  
  23  2:26  Warp Gate  
  23  2:39  Stalker  
  25  2:59  Probe x2  
  27  3:11  Probe  
  27  3:12  Probe  
  29  3:25  Stalker  
  31  3:27  Stalker  
  31  3:32  Probe  
  31  3:33  Probe  
  35  3:44  Probe  
  35  3:45  Probe  
  37  3:53  Robotics Facility  
  37  3:56  Probe  
  37  4:01  Pylon  
  38  4:09  Pylon  
  38  4:19  Stalker, Probe x2  
  42  4:26  Twilight Council  
  42  4:31  Probe x2  
  42  4:37  Gateway  
  44  4:38  Gateway, Observer  
  44  4:41  Forge  
  45  4:54  Observer  
  45  4:55  Stalker, Charge  
  45  4:57  Stalker  
  50  5:24  Warp Prism  
  52  5:28  Protoss Ground Weapons Level 1  
  52  5:32  Pylon  
  52  5:38  Pylon  
  52  5:58  Stalker x2  
  52  6:02  Stalker x2  
  60  6:37  Zealot x3  
  60  6:38  Zealot  
  68  7:01  Zealot  
  58  7:26  Zealot x2  
  58  7:27  Zealot x2  
  48  7:52  Zealot  
  48  7:53  Zealot x3  
  46  8:13  Stalker x2  
  46  8:14  Stalker x2, Immortal  
  54  8:20  Gateway  
  54  8:21  Gateway  
  54  8:22  Gateway  
  54  8:23  Blink  
  58  8:37  Zealot  
  58  8:38  Zealot x3  
  63  9:11  Zealot x3  
  63  9:17  Pylon  
  69  9:19  Pylon  
  69  9:21  Pylon  
  69  9:22  Zealot  
  69  9:23  Pylon  
  59  9:25  Pylon  
  49  9:37  Stalker x3  
  51  9:41  Zealot  
  51  9:42  Zealot x2  
  51  9:43  Zealot  
  59  10:02  Zealot x3  
  59  10:03  Zealot x4  
  48  10:30  Zealot x2  
  48  10:31  Zealot x5  
  38  10:51  Stalker x3  
  38  10:52  Stalker x4  
  50  11:15  Zealot x4  
  50  11:16  Zealot x3  
  60  11:24  Protoss Ground Armor Level 1  
  42  11:36  Zealot  
  42  11:37  Zealot x6  
  56  11:41  Immortal  
  60  11:55  Probe x2  
  62  12:04  Assimilator  
  62  12:07  Probe x2  
  64  12:09  Zealot  
  66  12:19  Probe  
  66  12:20  Probe  
  68  12:31  Probe  
  68  12:35  Stalker  
  68  12:36  Stalker x3  
  68  12:37  Stalker  
  69  12:50  Stalker x2  
  65  13:02  Zealot x2  
  65  13:03  Zealot x2  
  73  13:24  Immortal  
  73  13:25  Assimilator, Zealot x4  
  85  13:44  Probe x2  
  87  13:56  Probe  
  87  13:57  Probe  
  89  14:08  Probe  
  89  14:09  Probe  
  91  14:20  Nexus  
  91  14:21  Probe  
  92  14:30  Pylon  
  92  14:32  Pylon  
  92  14:33  Probe  
  92  14:34  Probe  
  94  14:42  Zealot  
  94  14:45  Zealot  
  54  15:02  Zealot x2  
  54  15:03  Zealot  
Show
View Real Time Build Order
Export as new Build Order

MrFercho Zerg - Winner!

Build Orders: Hatch First, Roach Hydra 

Get SALT Encoding   

  12  0:03  Drone  
  13  0:17  Overlord  
  13  0:21  Drone  
  14  0:35  Drone x2  
  16  0:39  Drone  
  17  0:56  Hatchery  
  16  0:57  Drone  
  16  1:02  Drone  
  18  1:18  Spawning Pool  
  18  1:20  Drone  
  19  1:25  Drone  
  19  1:34  Overlord  
  19  1:39  Extractor  
  18  1:43  Drone  
  19  1:55  Drone  
  20  2:05  Drone  
  21  2:09  Drone  
  21  2:10  Queen x2  
  26  2:17  Drone  
  26  2:18  Drone  
  28  2:26  Drone  
  28  2:29  Drone  
  30  2:36  Drone  
  31  2:39  Drone  
  32  2:48  Queen  
  34  2:52  Lair  
  34  2:53  Drone x2  
  36  3:03  Roach Warren  
  36  3:05  Drone  
  36  3:06  Drone, Evolution Chamber  
  36  3:14  Overlord x2  
  36  3:34  Zerg Missile Weapons Level 1  
  36  3:39  Drone  
  36  3:40  Drone x6  
  43  4:03  Extractor  
  43  4:05  Extractor  
  43  4:07  Drone x4  
  45  4:24  Drone  
  45  4:25  Drone  
  47  4:31  Glial Reconstitution  
  47  4:40  Roach x2  
  47  4:42  Overlord x2  
  47  4:43  Overlord  
  51  5:00  Roach x7  
  65  5:08  Zergling x2  
  66  5:14  Overseer  
  66  5:31  Drone x6  
  72  5:42  Hydralisk Den  
  72  5:46  Hatchery  
  72  5:47  Hatchery  
  72  5:48  Hatchery  
  68  5:54  Infestation Pit  
  68  5:56  Zerg Missile Weapons Level 2  
  67  5:59  Drone  
  68  6:05  Drone x5  
  68  6:10  Extractor  
  72  6:12  Grooved Spines  
  72  6:14  Zergling x2  
  73  6:22  Drone x3  
  73  6:24  Overlord  
  76  7:13  Roach x14  
  102  7:22  Spore Crawler  
  91  7:23  Muscular Augments  
  91  7:25  Overseer  
  79  7:38  Spine Crawler  
  71  7:45  Spine Crawler  
  71  7:46  Spore Crawler  
  65  7:54  Drone  
  65  7:55  Drone x19  
  81  8:10  Hive  
  81  8:13  Overlord x4  
  81  8:14  Overlord x3  
  81  8:19  Extractor  
  80  8:20  Extractor  
  80  8:21  Spine Crawler  
  80  8:24  Spine Crawler  
  77  8:28  Zerg Ground Armor Level 1  
  77  8:37  Evolution Chamber  
  76  8:48  Hydralisk x12  
  76  8:49  Hydralisk  
  88  9:09  Zergling x18  
  95  9:22  Overlord  
  95  9:23  Overlord x3  
  91  9:25  Drone  
  91  9:26  Drone x9  
  98  9:41  Hatchery  
  97  9:59  Drone x2  
  99  10:02  Hatchery  
  99  10:05  Hydralisk x9  
  116  10:15  Hatchery  
  99  10:31  Zerg Missile Weapons Level 3, Zerg Ground Armor Level 2  
  92  10:46  Hydralisk x3  
  92  10:47  Hydralisk  
  100  11:14  Hydralisk x5  
  100  11:35  Hydralisk x7  
  114  11:47  Drone x5  
  114  11:48  Drone x15  
  134  12:10  Hydralisk  
  134  12:11  Lurker Den, Hydralisk x7  
  134  12:13  Extractor  
  134  12:14  Extractor  
  147  12:16  Queen  
  149  12:24  Spine Crawler x2  
  143  12:34  Hydralisk x8  
  149  13:16  Drone x6  
  155  13:20  Hydralisk  
  155  13:21  Hydralisk x14  
  185  13:33  Extractor x2, Metabolic Boost  
  183  13:37  Seismic Spines  
  183  13:43  Hydralisk x2  
  183  13:44  Hydralisk x2  
  191  14:01  Spire  
  190  14:06  Hydralisk x5  
Tags
 
Composition
Roach Hydra
Matchup
PvZ
Replay Pack
MrFercho
Spawn Locations
Cross Positions
Add a new tag
Caveats
  • Supply blocks, unpowered buildings, or Contaminate may cause inaccurate times.
  • Supply counts are checked every 10 seconds.